 Dungeon Crawl Stone Soup version 0.19.1 (webtiles) character file.

179 Rrauwl the Changer (level 5, -1/38 HPs)
             Began as a Merfolk Transmuter on Nov 27, 2016.
             Killed by divine providence
             ... invoked by an orc priest
              (11 damage)
             ... on level 4 of the Dungeon.
             The game lasted 00:16:17 (3126 turns).

Rrauwl the Changer (Merfolk Transmuter)             Turns: 3126, Time: 00:16:18

Health: -1/38      AC:  3    Str: 11    XL:     5   Next: 59%
Magic:  9/9        EV: 14    Int: 13    God:
Gold:   185        SH:  0    Dex: 14    Spells: 1 memorised, 4 levels left

rFire  . . .     SeeInvis .       - Unarmed
rCold  . . .     Gourm    .     b - +0 robe
rNeg   . . .     Faith    .     (no shield)
rPois  .         Spirit   .     f - +0 helmet "Polu" {rElec}
rElec  +         Reflect  .     (no cloak)
rCorr  .         Harm     .     (no gloves)
MR     .....                    (no boots)
Stlth  +.........               (no amulet)
                                (no ring)
                                (no ring)

@: confused
A: change form in water, swift swim, stealthy swim
a: no special abilities


You were on level 4 of the Dungeon.
You were not hungry.

You visited 1 branch of the dungeon, and saw 4 of its levels.

You collected 185 gold pieces.

Inventory:

Missiles
 a - 31 arrows
Armour
 b - a +0 robe (worn)
 e - a +2 hat
 f - the +0 helmet "Polu" (worn) {rElec}
   (You found it on level 4 of the Dungeon)

   It insulates you from electricity.
Wands
 l - a wand of flame (31/48)
Scrolls
 h - a scroll of amnesia
Potions
 n - a potion of agility {unknown}
Books
 c - a book of Changes

   Spells                             Type                      Level
   a - Beastly Appendage              Transmutation                1
   b - Sticks to Snakes               Transmutation                2
   c - Spider Form                    Transmutation/Poison         3
   d - Ice Form                       Ice/Transmutation            4
   e - Blade Hands                    Transmutation                5
Comestibles
 d - 3 bread rations
 i - a meat ration
 j - a beef jerky
 k - a royal jelly
 m - a slice of pizza


   Skills:
 + Level 2.2 Fighting
 + Level 3.7 Dodging
 + Level 2.0 Stealth
 + Level 4.0 Unarmed Combat
 + Level 2.7 Spellcasting
 + Level 4.2 Transmutations


You had 4 spell levels left.
You knew the following spells:

 Your Spells              Type           Power        Failure   Level  Hunger
a - Blade Hands           Tmut           ##........   96%         5    ######.


Dungeon Overview and Level Annotations

Branches:
Dungeon (4/15)
 Temple: D:4-7

Altars:


Message History

The orc priest is moderately wounded.
The orc priest misses you. The orc hits you with a hand axe.
You hit the orc priest but do no damage.
The orc priest is moderately wounded.
The orc priest calls down the wrath of Beogh upon you.
Beogh smites you!
You barely miss the orc priest.
The orc priest is moderately wounded.
The orc hits you but does no damage. The orc priest misses you.
You hit the orc priest but do no damage.
The orc priest is moderately wounded.
The orc closely misses you.
The orc priest calls down the wrath of Beogh upon you.
Beogh smites you!
* * * LOW HITPOINT WARNING * * *
You are confused.
You feel invigorated. The orc closely misses you.
The orc priest calls down the wrath of Beogh upon you.
Beogh smites you!
You die...

.... ...# #.. #...
#..# ..###..###..#
.........#..#
#.#.##.#.#..#
#.#.##.#.#..#
#.#.##.#.#..##
#....#.......#
#..#........@#
##...#......ooo....#
##.##.......#####..
#.##.....###
#.##....## #
#.##.#.## .#####
#.##.#.#
######......
#.##.#.#
#...........
#.##.#.#
##.##.##.###


You could see 2 orc priests and an orc.

Vanquished Creatures
  A hound (D:4)
  An orc priest (D:3)
  3 adders (D:3)
  An ooze (D:3)
  5 worms
  A dart slug (D:1)
  A leopard gecko (D:3)
  9 orcs (D:3)
  A giant cockroach (D:3)
  4 goblins
  6 hobgoblins
  3 quokkas
  10 bats
  5 frilled lizards
  7 kobolds
  A quokka skeleton (D:4)
  6 rats
65 creatures vanquished.

Notes
Turn   | Place    | Note
-------+----------+-------------------------------------------
     0 | D:1      | Rrauwl the Merfolk Transmuter began the quest for the Orb.
     0 | D:1      | Reached XP level 1. HP: 15/15 MP: 3/3
     1 | D:1      | Noticed a minotaur zombie
     7 | D:1      | Noticed a merfolk zombie
    12 | D:1      | Noticed a minotaur zombie
    14 | D:1      | Noticed a minotaur zombie
    14 | D:1      | Noticed a merfolk zombie
   234 | D:1      | Reached XP level 2. HP: 17/21 MP: 5/5
   844 | D:2      | Reached XP level 3. HP: 23/26 MP: 6/6
  1609 | D:3      | Reached XP level 4. HP: 15/33 MP: 7/7
  1835 | D:3      | Reached skill level 1 in Stealth
  1900 | D:3      | Reached XP level 5. HP: 8/38 MP: 8/8
  2898 | D:4      | Got a distressingly furry helmet
  2909 | D:4      | Identified the +0 helmet "Polu" {rElec} (You found it on level 4 of the Dungeon)
  2951 | D:4      | Learned a level 5 spell: Blade Hands
  3126 | D:4      | Killed from afar by an orc priest

Skill      XL: |  1  2  3  4  5 |
---------------+----------------+-----
Transmutations | 3 4 |  4.2
Dodging        | 3 |  3.7
Unarmed Combat | 4 |  4.0
Stealth        | 1 2 |  2.0
Fighting       | 2 |  2.2
Spellcasting   | |  2.7

Action                   |  1- 3 |  4- 6 || total
-------------------------+-------+-------++-------
Melee: Unarmed           |   132 |   131 ||   263
       Headbutt          |     4 |     4 ||     8
       Punch             |     2 |     3 ||     5
 Cast: Beastly Appendage |     3 |     3 ||     6
  Use: Potion            |     2 |     1 ||     3
       Scroll            |     2 |     6 ||     8
 Stab: Sleeping          |     1 |     1 ||     2
  Eat: Chunk             |     2 |     4 ||     6
       Beef jerky        |       |     1 ||     1
Armor: Robe              |    16 |     9 ||    25
Dodge: Dodged            |   107 |    83 ||   190
